 Dungeon Crawl Stone Soup version 0.21.1-1-g345015f (webtiles) character file.

1494 Labyrinth the Magician (level 8, -2/62 HPs)
             Began as a White Draconian Fire Elementalist on July 22, 2018.
             Was a Follower of Okawaru.
             Slain by a hippogriff (5 damage)
             ... on level 6 of the Dungeon.
             The game lasted 00:46:02 (6145 turns).

Labyrinth the Magician (DrFE)                       Turns: 6145, Time: 00:46:05

Health: -2/62      AC:  6    Str: 12    XL:     8   Next: 51%
Magic:  5/15       EV: 13    Int: 15    God:    Okawaru [*.....]
Gold:   234        SH:  0    Dex: 13    Spells: 7/16 levels left

rFire    . . .     SeeInvis .   G - +3 hand axe
rCold    + . .     Gourm    .   (no shield)
rNeg     . . .     Faith    .   (armour unavailable)
rPois    +         Spirit   .   (helmet restricted)
rElec    .         Reflect  .   (no cloak)
rCorr    .         Harm     .   (no gloves)
MR       .....                  (no boots)
Stlth    ++........             (no amulet)
HPRegen  0.20/turn              s - ring of poison resistance
MPRegen  0.14/turn              (no ring)

@: no status effects
A: breathe frost, unfitting armour, cold resistance 1, cold-blooded, AC +6
a: Breathe Frost, Heroism, Renounce Religion


You were on level 6 of the Dungeon.
You worshipped Okawaru.
Okawaru was aware of your devotion.
You were not hungry.

You visited 1 branch of the dungeon, and saw 6 of its levels.

You collected 234 gold pieces.

Inventory:

Hand Weapons
 d - a +0 spear
 v - a +0 hunting sling
 y - a +0 short sword of electrocution
 E - a +0 trident
 G - a +3 hand axe (weapon)
 H - a +0 hand crossbow
 L - a +0 mace
 M - a +0 flail
 P - a +0 spear
 S - a +0 halberd
Missiles
 e - a throwing net
 h - 34 bolts
 i - 80 arrows
 j - 30 poisoned needles
 l - 15 sling bullets
 p - 238 stones (quivered)
 B - 6 needles of sleeping
 C - 4 tomahawks
Armour
 n - a +0 helmet
Jewellery
 s - a ring of poison resistance (left hand)
Wands
 k - a wand of polymorph (17)
 m - a wand of digging (1)
 w - a wand of disintegration (1)
 K - a wand of random effects (21)
 N - a wand of iceblast (5)
Scrolls
 r - 2 scrolls of remove curse
 u - a scroll of enchant armour {unknown}
 z - 2 scrolls of enchant weapon {unknown}
 A - 2 scrolls of teleportation {unknown}
 D - a scroll of immolation {unknown}
 J - a scroll of noise {unknown}
 R - a scroll of random uselessness {unknown}
Potions
 c - a potion of heal wounds {unknown}
 f - a potion of berserk rage {unknown}
 g - a potion of haste {unknown}
 o - a potion of degeneration {unknown}
 q - a potion of magic {unknown}
 t - a potion of mutation {unknown}
 x - 2 potions of brilliance
 F - a potion of flight {unknown}
Books
 a - a book of Flames

   Spells                             Type                      Level
   a - Flame Tongue                   Conjuration/Fire             1
   b - Throw Flame                    Conjuration/Fire             2
   c - Conjure Flame                  Conjuration/Fire             3
   d - Inner Flame                    Hexes/Fire                   3
   e - Sticky Flame                   Conjuration/Fire             4
   f - Fireball                       Conjuration/Fire             5
Comestibles
 b - 6 rations


   Skills:
 + Level 2.9 Fighting
 + Level 1.3 Short Blades
 + Level 3.4(3.5) Axes
 + Level 1.2(2.5) Polearms
 + Level 0.4 Crossbows
 + Level 3.6 Dodging
 + Level 2.9 Stealth
 + Level 4.7 Spellcasting
 + Level 4.4 Conjurations
 + Level 4.5 Fire Magic
 + Level 0.2 Evocations


You had 7 spell levels left.
You knew the following spells:

 Your Spells              Type           Power        Failure   Level  Hunger
a - Flame Tongue          Conj/Fire      ###..        2%          1    None
b - Throw Flame           Conj/Fire      ###...       4%          2    ##.....
c - Conjure Flame         Conj/Fire      ###.....     8%          3    ###....
d - Inner Flame           Hex/Fire       ##......     21%         3    ###....


Dungeon Overview and Level Annotations

Branches:
Dungeon (6/15)             Temple (0/1) D:4

Altars:
Okawaru
Trog
Vehumet

Shops:
D:5 :


Innate Abilities, Weirdness & Mutations

You can breathe waves of freezing cold.
You can buffet flying creatures when you breathe cold.
Your icy white scales are hard. (AC +6)
You cannot fit into any form of body armour.
Your flesh is cold resistant. (rC+)
You are cold-blooded and may be slowed by cold attacks.


Message History

The hippogriff bites you! The hippogriff pecks you. The hippogriff claws you.
You hit the hippogriff.
The hippogriff is severely wounded.
The hippogriff misses you. The hippogriff pecks you.
The hippogriff closely misses you. The hippogriff bites you.
The hippogriff pecks you. The hippogriff claws you.
* * * LOW HITPOINT WARNING * * *
Casting: Conjure Flame
Confirm with . or Enter, or press ? or * to list all spells.
Aiming: Throw Flame
Press: ? - help, Shift-Dir - straight line, f/p - hippogriff
Aim: a hippogriff (severely wounded)
The puff of flame hits the hippogriff.
The hippogriff is almost dead.
You have got your breath back.
The hippogriff is engulfed in a cloud of scalding steam.
The hippogriff bites you!
* * * LOW HITPOINT WARNING * * *
The hippogriff misses you. The hippogriff claws you.
You die...

........#.##.# .......
........#.##.# #.≈≈≈≈≈.≈
......###.##!# #.≈≈≈≈≈.≈
......# #.##.# #.≈≈≈≈≈.≈
....#.###.##.###.≈≈≈≈≈.≈
.......##.##...........≈
..........##.##..≈≈≈≈...
##...............(≈≈≈.≈≈
#.############.@H≈≈(.≈≈
#.# #..≈≈≈≈.≈≈ #.#
#..≈≈≈≈.≈≈ #.#
##........ #.# #########
#.# #.# #.. ###


You could see a hippogriff.

Vanquished Creatures
  The ghost of Ymberto the Skirmisher, a novice HuHu (D:4)
  The ghost of TBriggs11TB the Skirmisher, an amateur MiBe of Trog (D:3)
  3 ogres
  A phantom (D:6)
  A bullfrog (D:6)
  A gnoll shaman (D:4)
  4 hounds
  A jelly (D:5)
  2 orc priests
  Jessica (D:2)
  An orc wizard (D:5)
  3 worker ants
  Robin (D:3)
  9 gnolls
  10 adders
  A shadow imp (D:5)
  2 oozes
  5 dart slugs
  A leopard gecko (D:1)
  21 orcs
  A ball python (D:1)
  3 giant cockroaches
  23 goblins
  11 hobgoblins
  8 kobolds
  3 quokkas
  8 bats
  5 frilled lizards
  A quokka zombie (D:5)
  3 rats (D:2)
136 creatures vanquished.

Notes
Turn   | Place    | Note
-------+----------+-------------------------------------------
     0 | D:1      | Labyrinth the Draconian Fire Elementalist began the quest for the Orb.
     0 | D:1      | Reached XP level 1. HP: 14/14 MP: 3/3
    97 | D:1      | Reached XP level 2. HP: 8/20 MP: 1/5
   101 | D:1      | Learned a level 2 spell: Throw Flame
   359 | D:1      | Reached XP level 3. HP: 5/26 MP: 1/6
  1044 | D:2      | Learned a level 3 spell: Conjure Flame
  1286 | D:2      | Reached skill level 1 in Fighting
  1336 | D:2      | Reached XP level 4. HP: 35/35 MP: 1/7
  1353 | D:2      | Noticed Jessica
  1367 | D:2      | Killed Jessica
  1367 | D:2      | Reached skill level 1 in Polearms
  1486 | D:2      | Found a bloodstained altar of Trog.
  2078 | D:3      | Noticed TBriggs11TB's ghost (amateur MiBe)
  2099 | D:3      | Killed TBriggs11TB's ghost
  2099 | D:3      | Reached XP level 5. HP: 6/41 MP: 0/9
  2241 | D:3      | Reached skill level 1 in Short Blades
  2759 | D:3      | Noticed Robin
  2808 | D:3      | Killed Robin
  2808 | D:3      | Reached XP level 6. HP: 11/48 MP: 0/10
  3462 | D:4      | Found an iron altar of Okawaru.
  3697 | D:4      | Noticed Ymberto's ghost (novice HuHu)
  3714 | D:4      | Killed Ymberto's ghost
  3714 | D:4      | Reached skill level 1 in Axes
  3714 | D:4      | Reached skill level 5 in Fire Magic
  3714 | D:4      | Your scales start taking on an icy white colour.
  3714 | D:4      | Reached XP level 7. HP: 33/55 MP: 0/12
  3714 | D:4      | Gained mutation: Your flesh is cold resistant. (rC+) [White Draconian growth]
  3907 | D:4      | Found a staircase to the Ecumenical Temple.
  4390 | D:4      | Became a worshipper of Warmaster Okawaru
  4412 | D:5      | Entered Level 5 of the Dungeon
  4510 | D:5      | Learned a level 3 spell: Inner Flame
  4511 | D:5      | Found Vonkuam's Book Boutique.
  5099 | D:5      | Reached XP level 8. HP: 62/62 MP: 1/14
  5311 | D:5      | Found a radiant altar of Vehumet.
  5728 | D:6      | Reached * piety under Okawaru
  6124 | D:6      | Noticed a hippogriff
  6145 | D:6      | HP: 3/62 [hippogriff (11)]
  6145 | D:6      | Slain by a hippogriff

Skill      XL: |  1  2  3  4  5  6  7  8 |
---------------+-------------------------+-----
Dodging        | 2 3 |  3.6
Fire Magic     | 4 4 |  4.5
Fighting       | 1 2 |  2.9
Polearms       | 1 |  1.2
Stealth        | 2 |  2.9
Conjurations   | 2 3 4 |  4.4
Short Blades   | 1 |  1.3
Spellcasting   | 3 4 |  4.7
Axes           | 1 2 3 |  3.4
Crossbows      | |  0.4
Evocations     | |  0.2

Action                   |  1- 3 |  4- 6 |  7- 9 || total
-------------------------+-------+-------+-------++-------
Melee: Spear             |    37 |       |       ||    37
       Unarmed           |     2 |       |       ||     2
       Tailslap          |     2 |    12 |    15 ||    29
       Short sword       |     3 |    90 |       ||    93
       Hand axe          |       |    20 |   124 ||   144
 Fire: Hand crossbow     |       |       |    13 ||    13
 Cast: Flame Tongue      |    33 |    30 |    46 ||   109
       Throw Flame       |     7 |    35 |    25 ||    67
       Conjure Flame     |       |     1 |     8 ||     9
       Inner Flame       |       |       |     2 ||     2
 Abil: Breathe Frost     |       |       |     2 ||     2
Evoke: Wand              |       |       |     7 ||     7
  Use: Potion            |       |     1 |     5 ||     6
       Scroll            |       |       |     3 ||     3
 Stab: Sleeping          |       |     1 |     2 ||     3
       Invisible         |       |     1 |       ||     1
  Eat: Chunk             |     2 |     9 |     2 ||    13
       Ration            |       |     1 |     2 ||     3
Armor: Skin              |    17 |    38 |    54 ||   109
Dodge: Dodged            |    29 |    90 |    97 ||   216
